 Dungeon Crawl Stone Soup version 0.29.1-14-g9c671dbff4 (webtiles) character file.

Game seed: 13531308713363990334

1718 octoduck the Reanimator (level 8, -2/52 HPs)
             Began as a Demonspawn Necromancer on Feb 14, 2023.
             Killed from afar by an electric eel (12 damage)
             ... with a bolt of electricity
             ... on level 6 of the Dungeon.
             The game lasted 00:21:20 (7638 turns).

octoduck the Reanimator (Demonspawn Necromancer)    Turns: 7638, Time: 00:21:21

Health: -2/52      AC:  6    Str: 15    XL:     8   Next: 75%
Magic:  11/11      EV: 16    Int: 18    God:
Gold:   363        SH:  0    Dex: 18    Spells: 7/11 levels left

rFire   + + .      SeeInvis .   C - +9 dagger "Lanonn" {vorpal, rF++}
rCold   + . .      Faith    .   (no shield)
rNeg    . . .      Spirit   .   r - +0 ring mail
rPois   .          Reflect  .   (helmet unavailable)
rElec   .          Harm     .   n - scarf {repulsion}
rCorr   .          Rampage  .   (no gloves)
Will    .....                   K - +0 pair of boots
Stlth   +++.......              (no amulet)
HPRegen 0.17/turn               q - ring of protection from cold
MPRegen 0.12/turn               y - +6 ring of strength

@: mighty, agile, repel missiles
A: horns 3, thin skeletal structure 2, powered by pain 1
a: no special abilities


You were on level 6 of the Dungeon.
You visited 1 branch of the dungeon, and saw 6 of its levels.

You collected 363 gold pieces.

Inventory:

Hand Weapons
 u - a +0 dagger of venom
 C - the +9 dagger "Lanonn" (weapon) {vorpal, rF++}
   (You found it on level 4 of the Dungeon)

   It inflicts extra damage upon your enemies.
   rF:        It greatly protects you from fire.
Missiles
 v - 6 javelins
Armour
 f - a +2 tower shield
 n - a scarf of repulsion (worn)
 r - a +0 ring mail (worn)
 B - the +2 robe of Liatt {Harm rN+}
   (You found it on level 4 of the Dungeon)

   rN:        It protects you from negative energy.
   Harm:      It increases damage dealt and taken.
 G - a +0 cloak
 K - a +0 pair of boots (worn)
 M - a +1 robe of resistance
Magical Staves
 a - a staff of cold
Jewellery
 q - a ring of protection from cold (left hand)
 t - a ring of protection from cold
 y - a +6 ring of strength (right hand)
 I - a +6 ring of intelligence
Wands
 D - a wand of mindburst (17)
Scrolls
 e - 7 scrolls of teleportation
 g - a scroll of immolation {unknown}
 i - a scroll of enchant weapon {unknown}
 m - 2 scrolls of amnesia
 o - a scroll of vulnerability
 s - a scroll of noise
 A - a scroll of summoning {unknown}
 H - a scroll of blinking {unknown}
Potions
 b - 2 potions of magic
 c - a potion of might {unknown}
 d - 3 potions of invisibility {unknown}
 h - a potion of ambrosia
 j - 3 potions of attraction
 k - 2 potions of heal wounds
 l - 2 potions of flight {unknown}
 p - a potion of lignification {unknown}
 w - a potion of curing {unknown}
 x - 2 potions of mutation {unknown}
 z - 4 potions of haste {unknown}
 E - a potion of resistance {unknown}
 F - a potion of degeneration {unknown}
 L - a potion of brilliance {unknown}


   Skills:
 * Level 6.9 Short Blades
 - Level 2.7 Armour
 - Level 1.7 Dodging
 - Level 1.7 Stealth
 - Level 2.0 Spellcasting
 + Level 9.3 Necromancy


You had 7 spell levels left.
You knew the following spells:

 Your Spells              Type           Power      Damage    Failure   Level
a - Necrotise             Necr           100%       1d9       1%          1
b - Vampiric Draining     Necr           35%        2d8       2%          3

Your spell library contained the following spells:

 Spells                   Type           Power      Damage    Failure   Level
 Animate Dead             Necr           35%        N/A       8%          4
 Agony                    Necr           35%        N/A       21%         5
 Ensorcelled Hibernation  Hex/Ice        2%         N/A       45%         2
 Passwall                 Tmut/Erth      0%         N/A       45%         2
 Dazzling Flash           Conj/Hex       2%         N/A       71%         3
 Swiftness                Air            1%         N/A       71%         3
 Iskenderun's Mystic Bla  Conj/Tloc      1%         2d3       98%         4
 Starburst                Conj/Fire      0%         6d3       100%        6


Dungeon Overview and Level Annotations

Branches:
Dungeon (6/15)
 Temple: D:4-7

Altars:
Okawaru
Trog
Yredelemnul

Shops:
D:1 (

Annotations:
D:5 exclusion: 2 yaks
D:6 Prince Ribbit


Innate Abilities, Weirdness & Mutations

You have a pair of large horns on your head.
You have a moderately thin skeletal structure. (Dex +4, Stealth++)
You sometimes gain a little power by taking damage.


Message History

Moving in this stuff is going to be slow.
You enter the shallow water.
Moving in this stuff is going to be slow.
You enter the shallow water.
Moving in this stuff is going to be slow.
You enter the shallow water.
Moving in this stuff is going to be slow.
You enter the shallow water.
Moving in this stuff is going to be slow.
You enter the shallow water.
Moving in this stuff is going to be slow.
You enter the shallow water.
Moving in this stuff is going to be slow.
An electric eel comes into view.
An electric eel comes into view.
You enter the shallow water.
Moving in this stuff is going to be slow.
The electric eel shoots out a bolt of lightning at you!
The bolt of electricity hits you!
The electric eel shoots out a bolt of lightning at you!
The bolt of electricity hits you!
You focus on the pain.
You feel very mighty all of a sudden.
The electric eel shoots out a bolt of lightning at you!
The bolt of electricity hits you.
As you read the scroll of identify, it crumbles to dust.
j - 3 potions of attraction The electric eel shoots out a bolt of lightning at you!
The bolt of electricity hits the electric eel.
The electric eel completely resists.
The bolt of electricity is repelled.
The electric eel shoots out a bolt of lightning at you!
The bolt of electricity hits you.
The electric eel shoots out a bolt of lightning at you!
The bolt of electricity hits the electric eel.
The electric eel completely resists.
The bolt of electricity hits you!
* * * LOW HITPOINT WARNING * * *
You focus on the pain.
You feel agile all of a sudden.
The electric eel shoots out a bolt of lightning at you!
The bolt of electricity hits you!
You die...

≈≈≈.≈≈≈≈≈.≈≈≈≈≈~#
...~....~~..~~..#
≈≈≈.≈≈≈≈≈.≈≈≈≈≈~#
♣♣≈.≈♣♣♣≈~≈♣♣♣≈.#
♣≈.≈♣ ♣≈.≈♣ ♣≈.#
♣♣≈~≈♣♣♣≈.≈♣♣♣≈~#
≈≈≈~≈≈≈≈≈~≈≈≈≈≈.##
.~~~~~~....~~..~.#
≈≈≈~≈≈≈≈≈.≈≈≈≈≈~@+
♣♣≈~≈♣♣♣≈~≈♣♣♣≈..#
~≈♣ ≈.≈ ♣≈~## ≈♣
≈~ ♣≈~# ≈≈≈.≈≈≈≈
≈≈≈~# ~.~~..~.
.~~.~~# ≈≈≈~≈≈≈
≈.≈S≈≈≈~# ♣≈.≈♣
≈~S♣♣♣≈~# ♣≈.≈♣
≈~≈ ♣≈~#


You could see 2 electric eels.

Vanquished Creatures
  Grinder (D:3)
  An orc warrior (D:6)
  A black bear (D:5)
  A hornet zombie (D:5)
  An ice beast (D:6)
  A bullfrog (D:6)
  A necrophage (D:6)
  2 scorpions
  A water moccasin zombie (D:5)
  2 electric eels (D:6)
  A jelly (D:6)
  2 centaur zombies (D:5)
  A bullfrog zombie (D:5)
  A hound (D:4)
  An orc priest (D:5)
  A centaur skeleton (D:5)
  Crazy Yiuf (D:5)
  2 bullfrog skeletons (D:5)
  Jessica (D:2)
  5 orc wizards
  An iguana (D:5)
  A scorpion zombie (D:5)
  A hound zombie (D:5)
  A hound skeleton (D:5)
  4 gnolls
  8 adders
  A shadow imp (D:6)
  A white imp (D:6)
  An adder zombie (D:5)
  2 worms
  A dart slug (D:5)
  20 orcs
  9 ball pythons
  7 bats
  8 endoplasms
  5 giant cockroaches
  3 goblins
  9 hobgoblins
  10 jackals
  5 quokkas
  4 frilled lizards
  7 kobolds
  3 rats
140 creatures vanquished.

Vanquished Creatures (collateral kills)
  A gnoll (D:2)
  An orc (D:3)
  An endoplasm (D:4)
  2 frilled lizards (D:1)
  A rat (D:3)
6 creatures vanquished.

Vanquished Creatures (others)
  21 plants (D:4)
21 creatures vanquished.

Grand Total: 167 creatures vanquished

Notes
Turn   | Place    | Note
-------+----------+-------------------------------------------
     0 | D:1      | octoduck the Demonspawn Necromancer began the quest for the
                  | Orb.
     0 | D:1      | Reached XP level 1. HP: 13/13 MP: 3/3
   139 | D:1      | Gained mutation: You have a pair of small horns on your
                  | head. [demonic ancestry]
   139 | D:1      | Reached XP level 2. HP: 19/19 MP: 0/5
   285 | D:1      | Reached skill level 5 in Necromancy
   370 | D:1      | Found Gikhaeth's Weapon Shoppe.
  1036 | D:1      | Gained mutation: You have a somewhat thin skeletal
                  | structure. (Dex +2, Stealth+) [demonic ancestry]
  1036 | D:1      | Reached XP level 3. HP: 24/24 MP: 3/6
  1725 | D:2      | Found a faded altar of an unknown god.
  2206 | D:2      | Noticed Jessica
  2209 | D:2      | Killed Jessica
  2210 | D:2      | Reached skill level 1 in Armour
  2210 | D:2      | Reached skill level 6 in Necromancy
  2210 | D:2      | Gained mutation: You have a pair of horns on your head.
                  | [demonic ancestry]
  2210 | D:2      | Reached XP level 4. HP: 28/30 MP: 4/7
  2751 | D:2      | Reached XP level 5. HP: 35/35 MP: 3/8
  3235 | D:3      | Found a basalt altar of Yredelemnul.
  3243 | D:3      | Found a bloodstained altar of Trog.
  3639 | D:3      | Learned a level 3 spell: Vampiric Draining
  3830 | D:4      | Identified the +2 robe of Liatt {Harm rN+}
  3868 | D:4      | Found an iron altar of Okawaru.
  3977 | D:4      | Identified the +9 dagger "Lanonn" {vorpal, rF++}
  4114 | D:4      | Reached skill level 7 in Necromancy
  4284 | D:4      | Gained mutation: You have a moderately thin skeletal
                  | structure. (Dex +4, Stealth++) [demonic ancestry]
  4284 | D:4      | Reached XP level 6. HP: 35/41 MP: 3/9
  4635 | D:5      | Entered Level 5 of the Dungeon
  4808 | D:5      | Reached skill level 1 in Short Blades
  5054 | D:5      | Gained mutation: You sometimes gain a little power by
                  | taking damage. [demonic ancestry]
  5054 | D:5      | Reached XP level 7. HP: 31/46 MP: 4/10
  5381 | D:5      | Reached skill level 8 in Necromancy
  5464 | D:5      | Found a runed translucent door.
  5465 | D:5      | Noticed Crazy Yiuf
  5471 | D:5      | Killed Crazy Yiuf
  5667 | D:5      | Noticed a yak
  5794 | D:5      | Noticed a yak
  5874 | D:3      | Noticed Grinder
  5891 | D:3      | Paralysed by Grinder for 3 turns
  5897 | D:3      | Killed Grinder
  5898 | D:3      | Reached skill level 5 in Short Blades
  5898 | D:3      | Gained mutation: You have a pair of large horns on your
                  | head. [demonic ancestry]
  5898 | D:3      | Reached XP level 8. HP: 24/52 MP: 4/11
  6539 | D:6      | Noticed Prince Ribbit
  6795 | D:6      | Reached skill level 9 in Necromancy
  7638 | D:6      | Killed from afar by an electric eel

Illustrated notes

Levels and vault maps discovered:
D:1:      dpeg_chamrin_arrival_tetris, layout_basic, serial_shops,
          nicolae_shop_bloodbath_and_beyond, minmay_octomino_j4
D:2:      layout_loops_corners, basic_ecumenical_altar, chequers_jeans,
          uniq_jessica
D:3:      layout_basic, mainiacjoe_overflow_catwalk_spiral, uniq_grinder
D:4:      wad_woods_stonehenge, layout_rooms
D:5:      layout_cave_pools, serial_undead, serial_undead_d, serial_undead_a,
          serial_undead_f, serial_undead_d, uniq_crazy_yiuf_cottage
D:6:      layout_loops_corners, minmay_misc_feat_ornament, kennysheep_boxes,
          uniq_pikel, uniq_prince_ribbit1

Skill      XL: |  1  2  3  4  5  6  7  8 |
---------------+-------------------------+-----
Necromancy     | 5 6 7 8 9 |  9.3
Armour         | 1 2 |  2.7
Short Blades   | 2 5 6 |  6.9
Dodging        | |  1.7
Stealth        | |  1.7
Spellcasting   | |  2.0

Action                   |  1- 3 |  4- 6 |  7- 9 || total
-------------------------+-------+-------+-------++-------
Melee: Unarmed           |     5 |       |       ||     5
       Dagger            |    15 |    47 |    74 ||   136
       Headbutt          |     3 |     7 |    17 ||    27
       Punch             |       |       |     1 ||     1
 Cast: Necrotise         |    66 |   111 |    61 ||   238
       Vampiric Draining |       |       |     1 ||     1
Evoke: Wand              |       |       |     4 ||     4
  Use: Scroll            |     3 |     1 |     3 ||     7
       Potion            |       |       |     1 ||     1
 Stab: Sleeping          |       |     1 |     2 ||     3
Armor: Robe              |     4 |       |       ||     4
       Ring mail         |     5 |    25 |    32 ||    62
Dodge: Dodged            |    24 |    40 |    45 ||   109
       Repelled          |       |       |     1 ||     1
